Map: Submarine LE

Players

liquidthermy (uThermal)

  • Race: Terran Terran
  • Spawn Location: 11:00

Lambo - Winner!

  • Race: Zerg Zerg
  • Spawn Location: 5:00

Event: DreamHack SC2 Masters 2020 Summer Europe

VOD

Have the link to the VOD?

Description

Time

  • Played on: July 7, 2020, 12:32 p.m.
  • Length: 15:12

All games in this series

Show
View Real Time Build Order
Export as new Build Order

liquidthermy Terran 

Build Orders: Reaper Expand 

Get SALT Encoding   

  12  0:01  SCV  
  13  0:13  SCV  
  14  0:17  Supply Depot  
  14  0:25  SCV  
  15  0:38  SCV  
  15  0:39  Barracks  
  16  0:42  Refinery  
  16  0:50  SCV  
  17  1:02  SCV  
  18  1:15  SCV  
  19  1:26  Reaper  
  19  1:27  Orbital Command  
  20  1:38  Command Center  
  20  1:49  Supply Depot  
  20  1:53  SCV  
  21  1:58  Marine  
  22  2:05  SCV  
  22  2:07  Factory  
  22  2:15  Marine  
  22  2:17  SCV  
  24  2:29  SCV  
  25  2:33  Marine  
  26  2:41  SCV  
  26  2:43  Bunker  
  26  2:51  Marine, Factory Tech Lab  
  26  2:53  SCV, Bunker  
  26  2:58  Refinery  
  28  3:05  SCV  
  28  3:09  Marine  
  29  3:13  Cyclone, Orbital Command  
  29  3:17  SCV  
  32  3:27  Marine  
  32  3:30  SCV  
  30  3:38  SCV  
  31  3:42  SCV  
  32  3:49  Command Center  
  32  3:50  SCV  
  32  3:51  Factory Reactor  
  32  3:54  SCV  
  34  4:01  Starport  
  34  4:03  SCV  
  34  4:06  SCV  
  36  4:15  SCV  
  37  4:20  SCV  
  38  4:27  SCV  
  38  4:28  Supply Depot, Hellion x2  
  43  4:32  SCV  
  43  4:34  Barracks Tech Lab  
  44  4:39  SCV  
  44  4:44  SCV  
  46  4:49  Banshee  
  46  4:50  Hellion x2  
  46  4:51  SCV  
  54  4:55  Stimpack  
  54  5:01  SCV, Marine  
  54  5:03  SCV, Supply Depot  
  54  5:04  Orbital Command  
  57  5:13  SCV, Hellion x2  
  59  5:15  SCV  
  59  5:19  Marine  
  61  5:25  SCV  
  61  5:27  SCV  
  63  5:30  SCV  
  63  5:32  Engineering Bay  
  63  5:33  Engineering Bay  
  64  5:37  SCV  
  64  5:39  SCV  
  64  5:41  Starport Reactor  
  66  5:45  Orbital Command, Marine, Barracks  
  66  5:46  Barracks  
  66  5:49  SCV  
  68  5:50  Refinery  
  68  5:51  SCV  
  68  5:52  Refinery  
  69  5:57  Supply Depot  
  69  5:58  Siege Tank  
  69  6:02  SCV  
  69  6:04  SCV  
  74  6:05  Marine  
  74  6:08  Terran Infantry Weapons Level 1, Terran Infantry Armor Level 1  
  75  6:13  SCV, Supply Depot  
  75  6:14  SCV  
  77  6:19  SCV  
  78  6:26  SCV  
  78  6:27  Starport Reactor, Barracks  
  78  6:28  Marine  
  78  6:29  Barracks  
  78  6:30  SCV, Siege Tank  
  84  6:34  SCV  
  84  6:36  Marine x2  
  84  6:39  SCV  
  88  6:42  SCV, Marine  
  88  6:45  Marine  
  91  6:49  Supply Depot  
  91  6:51  SCV, Marine  
  93  6:54  Supply Depot  
  93  7:03  Combat Shield  
  93  7:10  SCV x3, Marine x5  
  101  7:16  Barracks Reactor x2, Medivac x2, Siege Tank  
  101  7:19  Supply Depot  
  101  7:21  Missile Turret  
  108  7:22  SCV  
  108  7:23  Armory  
  108  7:25  Missile Turret  
  108  7:28  Missile Turret  
  109  7:34  Supply Depot  
  109  7:35  Supply Depot  
  109  7:41  SCV, Marine x5  
  116  7:48  Siege Tank  
  117  7:52  SCV  
  117  7:54  Supply Depot  
  117  7:55  Supply Depot  
  117  7:56  Medivac x2, Marine x2  
  117  7:57  Marine  
  124  7:58  Marine  
  124  8:00  Marine  
  124  8:04  Marine, Barracks  
  124  8:05  Barracks  
  127  8:07  Marine  
  127  8:08  Barracks  
  128  8:14  Supply Depot  
  128  8:15  Terran Infantry Armor Level 2, Terran Infantry Weapons Level 2  
  128  8:16  Marine  
  129  8:25  Marine  
  129  8:26  Marine  
  131  8:28  Medivac  
  131  8:29  Marine  
  131  8:30  Marine  
  131  8:31  Medivac  
  131  8:33  Supply Depot  
  137  8:34  Marine x2  
  137  8:38  Marine x2  
  137  8:40  Marine  
  141  8:43  Marine  
  141  8:44  Marine  
  141  8:47  Marine  
  118  8:48  Marine  
  118  8:52  Marine x3  
  118  8:53  Marine, Siege Tank  
  112  8:56  Marine x3  
  112  8:58  Medivac, Marine  
  112  9:01  Marine x2  
  112  9:02  Medivac  
  122  9:05  Marine  
  122  9:06  Marine  
  124  9:10  Marine x3  
  124  9:11  Marine  
  124  9:16  Terran Vehicle Weapons Level 1  
  128  9:17  Marine  
  128  9:18  Command Center  
  128  9:22  Marine  
  128  9:24  Marine  
  130  9:26  Siege Tank  
  130  9:30  Marine x2  
  134  9:33  Medivac  
  134  9:34  Marine x2  
  134  9:36  Marine x2  
  134  9:37  Marine  
  141  9:40  Marine  
  141  9:41  Marine  
  141  9:42  Supply Depot  
  141  9:43  Medivac, Marine  
  141  9:44  Marine  
  147  9:46  Supply Depot  
  147  9:48  Supply Depot, Marine  
  147  9:50  Marine x2  
  150  9:57  Marine  
  150  9:58  Marine, Siege Tank  
  150  9:59  Marine  
  155  10:01  Marine  
  155  10:05  Supply Depot  
  155  10:06  Supply Depot, Marine  
  158  10:07  Medivac, Marine  
  158  10:10  Marine  
  158  10:12  Marine x2  
  161  10:15  Medivac, Marine  
  161  10:18  Marine  
  161  10:19  Marine  
  161  10:20  Marine x2  
  163  10:25  Marine  
  163  10:27  Marine  
  163  10:28  Marine  
  166  10:30  Siege Tank  
  166  10:35  Marine  
  170  10:36  Marine x2  
  170  10:39  Medivac  
  174  10:44  Marine x2  
  174  10:48  Marine x2  
  178  10:50  Marine x2  
  178  10:51  Medivac  
  178  10:54  Marine  
  178  10:56  Marine  
  181  11:02  Marine, Siege Tank  
  185  11:08  Planetary Fortress  
  184  11:11  Marine  
  184  11:14  Marine  
  184  11:17  Marine x5  
  184  11:18  Marine x2  
  193  11:19  Marine  
  193  11:22  Medivac, Marine  
  195  11:26  Marine  
  195  11:29  Marine  
  197  11:33  Command Center  
  197  11:34  Siege Tank  
  200  11:45  Marine  
  193  11:50  Marine x2  
  193  11:52  Marine  
  193  11:53  Marine  
  197  11:55  Barracks Tech Lab x2  
  197  11:56  Barracks Tech Lab  
  197  11:57  Marine  
  197  12:00  Marine  
  199  12:03  Command Center  
  199  12:07  SCV, Refinery  
  199  12:08  Refinery  
  200  12:19  Marine  
  200  12:21  Marine  
  185  12:30  Marine x7  
  185  12:31  Marine  
  185  12:35  Marine x2  
  148  12:37  Marine  
  148  12:39  Marine  
  144  12:44  Siege Tank  
  144  12:47  Liberator x2  
  144  12:48  Concussive Shells, Marine x7  
  144  12:49  Marine  
  161  12:52  Marine  
  161  12:53  Marine  
  161  12:55  Marine  
  161  12:57  Marine  
  140  13:06  Marine x6  
  140  13:07  Marauder x2  
  140  13:11  Marauder x2  
  151  13:13  Marine  
  151  13:16  Siege Tank  
  151  13:17  Marine  
  156  13:23  Marine  
  156  13:24  Marine  
  153  13:28  Marauder x2  
  153  13:30  Liberator  
  153  13:33  Marauder, Marine x2  
  164  13:37  Marine  
  164  13:39  Marine  
  164  13:40  Marine  
  167  13:44  Planetary Fortress  
  167  13:45  SCV  
  167  13:47  Marine  
  167  13:48  Siege Tank  
  167  13:51  Marine  
  170  14:01  Marine  
  170  14:02  Marine x2  
  140  14:04  Marine  
  140  14:06  Marine  
  116  14:15  Marine  
  116  14:16  Marauder, Marine  
  112  14:18  Marine  
  112  14:20  Siege Tank  
  112  14:22  Marine  
  112  14:23  Marine x2  
  104  14:28  SCV  
  104  14:29  Marine  
  104  14:32  Marine  
  104  14:34  SCV  
  106  14:39  SCV  
  106  14:43  Marine  
  106  14:44  Marauder  
  106  14:45  Marine  
  110  14:49  SCV x2  
  110  14:51  SCV  
  110  14:52  SCV  
Show
View Real Time Build Order
Export as new Build Order

Lambo Zerg - Winner!

Build Orders: Pool First 

Get SALT Encoding   

  12  0:00  Drone  
  13  0:12  Overlord  
  13  0:16  Drone  
  14  0:30  Drone x2  
  16  0:39  Spawning Pool  
  15  0:43  Drone  
  15  0:46  Drone  
  17  1:06  Hatchery  
  17  1:10  Drone  
  17  1:12  Extractor  
  17  1:14  Drone  
  17  1:27  Zergling x2  
  17  1:28  Zergling x2  
  17  1:31  Roach Warren  
  18  1:39  Drone  
  19  1:45  Queen  
  21  1:55  Overlord  
  21  2:16  Roach x2  
  21  2:20  Roach  
  27  2:23  Roach  
  29  2:32  Roach  
  30  2:44  Queen  
  30  2:45  Drone  
  30  2:47  Overlord  
  30  2:49  Drone  
  34  2:56  Ravager  
  34  2:57  Drone  
  35  3:08  Drone x5  
  40  3:13  Drone  
  40  3:19  Overlord  
  41  3:26  Drone  
  40  3:30  Drone  
  40  3:33  Drone  
  42  3:37  Metabolic Boost  
  37  3:42  Drone  
  37  3:47  Drone  
  39  3:52  Drone  
  40  3:56  Hatchery  
  40  3:59  Drone  
  40  4:00  Queen  
  42  4:04  Drone  
  42  4:06  Drone  
  42  4:08  Overlord  
  44  4:10  Drone  
  44  4:14  Drone  
  44  4:15  Overlord  
  44  4:29  Zergling x8  
  48  4:31  Queen  
  48  4:37  Zergling x4  
  52  4:39  Drone  
  52  4:44  Evolution Chamber, Drone  
  52  4:45  Evolution Chamber  
  52  4:46  Drone  
  52  4:48  Spore Crawler  
  52  4:49  Drone  
  52  4:50  Zergling x2  
  52  4:52  Drone  
  55  4:57  Spore Crawler  
  55  4:58  Drone  
  55  5:02  Drone  
  55  5:10  Drone x5  
  55  5:13  Queen  
  62  5:14  Zerg Ground Armor Level 1  
  62  5:20  Zerg Melee Weapons Level 1  
  63  5:21  Drone x2  
  63  5:23  Drone  
  63  5:25  Drone  
  66  5:33  Overlord  
  66  5:34  Overlord  
  66  5:36  Overlord  
  66  5:41  Extractor  
  66  5:42  Extractor  
  64  5:43  Lair, Drone x2  
  64  5:46  Overlord  
  66  5:51  Drone x2  
  66  5:52  Drone  
  66  5:53  Drone  
  66  5:54  Drone  
  66  5:55  Drone x3  
  66  5:56  Zergling x2  
  76  5:57  Zergling x2  
  76  5:58  Zergling x2  
  76  6:00  Spore Crawler  
  76  6:02  Zergling x2  
  77  6:06  Drone x3  
  77  6:13  Baneling Nest  
  77  6:14  Drone x3  
  77  6:16  Queen  
  81  6:21  Drone  
  81  6:22  Drone x2  
  84  6:26  Zergling x4, Overlord  
  84  6:28  Drone x2  
  84  6:30  Extractor  
  87  6:36  Zergling x8  
  87  6:37  Zergling x4  
  93  6:47  Zergling x4  
  93  6:51  Zergling x10  
  100  6:55  Hatchery  
  100  6:58  Overlord x2  
  100  6:59  Overlord  
  100  7:00  Centrifical Hooks  
  99  7:05  Zergling x4, Overlord  
  101  7:11  Overlord  
  101  7:13  Overlord  
  101  7:14  Baneling x4  
  101  7:15  Baneling x2  
  101  7:17  Zergling x2  
  101  7:19  Zerg Melee Weapons Level 2  
  101  7:21  Zergling x6  
  105  7:28  Zergling x10  
  110  7:31  Zerg Ground Armor Level 2  
  110  7:35  Zergling x10  
  114  7:41  Zergling x2  
  115  7:48  Zergling x6  
  111  7:56  Queen  
  111  7:57  Overlord  
  111  7:58  Infestation Pit  
  112  8:00  Zergling x8  
  112  8:01  Baneling  
  112  8:02  Baneling x4  
  112  8:03  Drone  
  117  8:08  Drone x2  
  117  8:09  Queen  
  117  8:11  Zergling x8  
  125  8:14  Baneling  
  125  8:15  Baneling x7  
  125  8:16  Zergling x4  
  125  8:18  Zergling x2  
  128  8:24  Zergling x2  
  128  8:25  Zergling x6  
  128  8:26  Zergling x2  
  130  8:30  Zergling x8  
  130  8:31  Baneling  
  130  8:32  Baneling x6  
  131  8:35  Zergling x2  
  131  8:38  Zergling x2  
  131  8:40  Overlord  
  130  8:47  Zergling x12  
  105  8:50  Queen x2  
  105  8:53  Hive  
  106  8:57  Drone x7  
  106  8:58  Queen  
  106  8:59  Zergling x2  
  106  9:00  Zergling x2  
  117  9:06  Zergling x2  
  117  9:07  Baneling x3  
  117  9:09  Zergling x6  
  120  9:18  Zergling x2  
  121  9:24  Zergling x20  
  121  9:25  Queen  
  121  9:26  Queen  
  121  9:31  Zergling x12  
  139  9:43  Zergling x8  
  143  9:48  Hatchery  
  143  9:50  Zergling x6  
  145  9:55  Overlord  
  145  9:59  Hatchery  
  143  10:00  Zergling x6  
  143  10:07  Zergling x20  
  155  10:11  Zergling x6  
  158  10:22  Adrenal Glands  
  158  10:24  Ultralisk Cavern  
  158  10:25  Zergling x8  
  161  10:38  Zerg Melee Weapons Level 3, Zerg Ground Armor Level 3  
  161  10:40  Hatchery, Zergling x16  
  169  10:44  Drone x5  
  166  10:50  Zergling x2  
  166  10:52  Hatchery  
  166  10:53  Baneling  
  166  10:54  Zergling x10, Baneling x8  
  166  10:55  Baneling  
  166  10:56  Baneling x5  
  165  11:01  Zergling x16  
  169  11:04  Baneling x3  
  169  11:05  Baneling x5  
  169  11:08  Zergling x4  
  169  11:09  Baneling x2  
  171  11:12  Zergling x6  
  174  11:26  Chitinous Plating  
  174  11:28  Zergling x20  
  174  11:29  Extractor  
  181  11:33  Drone  
  182  11:42  Overlord  
  182  11:44  Overlord  
  182  11:45  Overlord  
  179  11:47  Hatchery, Overlord  
  179  11:49  Overlord  
  179  11:51  Ultralisk, Overlord  
  181  11:56  Overlord  
  181  11:57  Extractor  
  180  12:02  Zergling x12  
  180  12:03  Zergling x20  
  180  12:05  Spore Crawler  
  195  12:09  Overseer  
  195  12:10  Pneumatized Carapace  
  195  12:13  Zergling x6  
  198  12:17  Zergling x2  
  193  12:24  Zergling x8  
  193  12:26  Zergling x2  
  193  12:27  Zergling x16  
  190  12:33  Zergling x4, Ultralisk  
  156  12:38  Zergling x8  
  156  12:41  Zergling x8  
  160  12:46  Baneling x7  
  160  12:48  Zergling x6  
  160  12:49  Baneling x4  
  162  12:52  Zergling x4  
  164  13:00  Zergling x12  
  164  13:03  Zergling x4  
  167  13:10  Ultralisk  
  165  13:14  Hatchery  
  165  13:15  Zergling x10  
  169  13:20  Zergling x2  
  169  13:24  Zergling x6  
  169  13:26  Baneling x7  
  172  13:28  Zergling x2  
  172  13:33  Zergling x8  
  177  13:41  Zergling x2  
  177  13:42  Zergling x2  
  177  13:45  Zergling x2  
  177  13:46  Zergling x4, Baneling  
  177  13:47  Baneling x6  
  179  13:51  Zergling x2, Hatchery  
  179  13:52  Overlord  
  174  13:57  Zergling x8  
  174  13:59  Zergling x2  
  174  14:02  Zergling x12  
  159  14:07  Queen  
  159  14:09  Zergling x4  
  139  14:12  Zergling x8  
  139  14:14  Zergling x4  
  133  14:17  Zergling x4  
  133  14:20  Zergling x2  
  127  14:29  Drone x5  
  130  14:36  Baneling x9  
  136  14:39  Zergling x4  
  136  14:42  Baneling  
  136  14:43  Baneling x4  
  139  14:47  Zergling x6  
Tags
 
Add a new tag
Caveats
  • Supply blocks, unpowered buildings, or Contaminate may cause inaccurate times.
  • Supply counts are checked every 10 seconds.